Map: Pillars of Gold LE

Players

Massa

  • Race: Terran Terran
  • League: Platinum
  • Spawn Location: 7:00

null - Winner!

  • Race: Terran Terran
  • Spawn Location: 1:00

VOD

Have the link to the VOD?

Description

Time

  • Played on: Jan. 29, 2021, 4:05 p.m.
  • Length: 19:12
Show
View Real Time Build Order
Export as new Build Order

Massa Terran 

Build Orders:  

Get SALT Encoding   

  12  0:03  SCV  
  13  0:15  SCV  
  13  0:19  Supply Depot  
  14  0:27  SCV  
  15  0:40  SCV  
  16  0:44  Barracks  
  16  0:51  Refinery  
  16  0:53  SCV  
  17  1:05  SCV  
  18  1:17  SCV  
  19  1:29  SCV  
  20  1:41  Orbital Command  
  20  1:44  Reaper  
  21  1:52  Command Center  
  21  2:07  SCV  
  21  2:23  Supply Depot  
  21  2:24  Reaper  
  22  2:30  Factory  
  22  2:41  Refinery, SCV  
  23  2:53  SCV  
  24  3:01  Barracks Tech Lab  
  24  3:09  SCV  
  25  3:14  Orbital Command  
  25  3:17  Hellion  
  27  3:22  Stimpack  
  27  3:23  Marine  
  28  3:41  Marine  
  29  3:58  SCV x2  
  29  4:01  Hellion  
  33  4:08  Barracks  
  33  4:09  Command Center  
  33  4:10  SCV x2  
  33  4:14  Starport  
  35  4:20  Engineering Bay  
  35  4:24  Hellion  
  37  4:33  SCV x2  
  37  4:35  Refinery  
  39  4:45  SCV  
  36  5:12  Barracks Reactor  
  36  5:14  Starport Reactor  
  36  5:21  SCV x3  
  36  5:22  Barracks Reactor  
  36  5:26  Siege Tank  
  42  5:33  SCV x3, Missile Turret  
  45  5:42  Terran Infantry Weapons Level 1  
  45  5:44  Armory  
  45  5:45  Refinery, SCV x2, Barracks  
  45  5:46  Barracks  
  47  5:50  Marine x2  
  47  5:56  Liberator  
  52  5:59  Siege Tank  
  52  6:04  Marine x2  
  56  6:08  Marine x2  
  56  6:10  SCV x2  
  61  6:17  Supply Depot x2  
  61  6:18  Supply Depot  
  61  6:22  Sensor Tower  
  61  6:30  Missile Turret  
  61  6:38  Marine x3  
  61  6:39  SCV x3  
  67  6:41  Cyclone  
  69  6:51  SCV x2  
  61  7:07  Missile Turret  
  57  7:09  Missile Turret  
  53  7:30  Cyclone  
  53  7:38  Viking x2  
  53  7:40  Marine x4  
  53  7:42  Barracks Tech Lab  
  53  7:43  Barracks Tech Lab  
  61  7:48  SCV x2  
  63  7:58  Marine x3, Missile Turret  
  65  8:02  SCV x3  
  69  8:14  SCV  
  69  8:16  Medivac x2  
  74  8:29  Cyclone  
  74  8:33  SCV x3  
  80  8:45  SCV x2  
  80  8:46  SCV  
  83  8:52  Viking  
  85  8:56  Viking  
  85  8:57  SCV  
  85  9:03  Combat Shield  
  85  9:07  Supply Depot  
  85  9:11  Supply Depot x2  
  85  9:16  Command Center  
  85  9:29  SCV x2  
  61  9:40  Supply Depot  
  61  9:41  SCV  
  52  9:58  Cyclone  
  53  10:08  Viking  
  53  10:11  Marine x6  
  57  10:29  Marine x6  
  57  10:30  Siege Tank  
  57  10:32  Viking  
  63  10:39  SCV  
  63  10:40  SCV x2  
  66  10:46  Marine  
  66  10:47  Marine x5  
  66  10:48  Starport  
  72  10:51  SCV  
  72  10:52  Starport, SCV x2  
  75  11:00  Missile Turret  
  75  11:02  Siege Tank  
  75  11:03  SCV  
  79  11:04  SCV, Marine  
  79  11:07  Orbital Command  
  79  11:10  Missile Turret  
  81  11:15  SCV  
  81  11:16  SCV  
  83  11:23  SCV  
  84  11:28  SCV x2  
  84  11:29  Sensor Tower  
  86  11:35  Sensor Tower  
  86  11:36  SCV  
  86  11:37  Starport Tech Lab, Starport Reactor  
  87  11:40  Starport Reactor  
  87  11:43  Marine  
  87  11:44  Marine x5  
  93  11:49  Widow Mine  
  93  11:52  Terran Infantry Armor Level 1  
  95  11:55  SCV x3  
  95  11:56  SCV  
  99  12:01  Marine  
  99  12:02  Marauder x2, Marine x3  
  99  12:06  Viking  
  99  12:07  SCV  
  110  12:14  Refinery  
  110  12:15  Refinery  
  110  12:19  Marine x2  
  110  12:21  Command Center  
  112  12:31  Command Center  
  112  12:40  Viking x5  
  122  12:51  Terran Vehicle And Ship Armor Level 1  
  122  13:03  Siege Tank  
  125  13:06  Marine x3  
  125  13:07  Marine x3  
  131  13:20  Supply Depot  
  131  13:21  Supply Depot  
  131  13:22  Supply Depot  
  131  13:23  Marine, Engineering Bay, Concussive Shells  
  131  13:24  Corvid Reactor  
  132  13:32  Marine x5, Viking x2  
  132  13:33  SCV x4  
  145  13:37  Planetary Fortress  
  145  13:41  Marine  
  145  13:42  Planetary Fortress  
  145  13:45  SCV x4, Missile Turret, Supply Depot  
  150  13:51  Viking  
  150  13:52  Viking, Missile Turret  
  154  13:57  SCV  
  154  13:59  Viking  
  157  14:02  Viking x2  
  157  14:06  Armory  
  157  14:09  SCV  
  163  14:10  SCV x3  
  165  14:21  SCV  
  165  14:22  SCV x2  
  165  14:23  Refinery x2  
  168  14:26  Sensor Tower  
  168  14:32  SCV x3  
  168  14:34  SCV x3, Missile Turret  
  168  14:38  Viking x4  
  180  14:44  SCV x2  
  184  14:46  Raven  
  184  14:49  SCV x4  
  190  14:56  SCV, Missile Turret  
  191  15:18  Missile Turret  
  191  15:20  Sensor Tower  
  191  15:24  Command Center  
  191  15:41  Refinery  
  191  15:43  Supply Depot x3  
  191  15:44  Refinery  
  191  15:45  Supply Depot  
  191  15:46  Supply Depot  
  191  15:47  Missile Turret  
  191  15:50  Raven  
  193  16:03  Terran Vehicle And Ship Armor Level 2, Terran Ship Weapons Level 1  
  193  16:04  Viking x3  
  193  16:06  Terran Infantry Armor Level 2, Terran Infantry Weapons Level 2, Supply Depot  
  193  16:10  Supply Depot  
  199  16:11  Supply Depot  
  199  16:16  Thor  
  189  16:24  Viking  
  167  16:29  Marine x4  
  167  16:30  Marine x2  
  173  16:33  Viking  
  173  16:34  Viking  
  173  16:38  Viking  
  157  16:47  Marine x6  
  157  16:53  Viking  
  145  16:59  Missile Turret  
  133  17:02  Missile Turret  
  133  17:03  Viking  
  133  17:05  Marine x4  
  133  17:08  Viking  
  127  17:10  Marine  
  127  17:11  Marine  
  94  17:22  Viking  
  94  17:23  Marine  
  94  17:25  Planetary Fortress  
  94  17:28  Marine  
  92  17:33  Marine, Viking  
  92  17:35  Barracks  
  92  17:36  Barracks, Marine  
  85  17:37  Barracks  
  85  17:38  Viking  
  75  17:46  Marine  
  75  17:51  Marine  
  77  17:52  Viking  
  77  17:54  Marine  
  77  17:57  Factory  
  78  17:58  Factory  
  78  18:04  Marine  
  72  18:08  Marine  
  67  18:13  Missile Turret  
  67  18:14  Missile Turret  
  67  18:16  Viking  
  69  18:22  Viking  
  69  18:25  Marine x2  
  73  18:29  Marine x2  
  73  18:32  Missile Turret  
  63  18:34  Missile Turret  
  56  18:46  SCV  
  56  18:47  SCV x3  
  49  18:50  Marine x5  
  49  18:51  Factory Tech Lab  
  49  18:55  Factory Tech Lab  
  52  18:58  SCV  
  52  18:59  SCV x3  
Show
View Real Time Build Order
Export as new Build Order

null Terran - Winner!

Build Orders: Reaper Expand 

Get SALT Encoding   

  12  0:00  SCV  
  13  0:12  SCV  
  14  0:18  Supply Depot  
  14  0:25  SCV  
  15  0:39  SCV  
  15  0:40  Barracks  
  16  0:46  Refinery  
  16  0:51  SCV  
  17  1:03  SCV  
  18  1:16  SCV  
  19  1:30  Orbital Command  
  19  1:33  Reaper  
  20  1:45  Command Center  
  20  2:02  SCV  
  20  2:04  Supply Depot  
  21  2:12  Factory  
  21  2:26  SCV  
  22  2:30  Barracks Reactor  
  22  2:33  Refinery  
  22  2:47  SCV  
  23  2:54  Command Center  
  23  2:59  SCV  
  24  3:07  Starport  
  24  3:12  Orbital Command  
  24  3:16  SCV  
  24  3:19  Factory Tech Lab  
  25  3:21  Marine  
  25  3:23  Marine  
  24  3:46  Marine x2  
  23  4:04  Marine x2, Fusion Core  
  23  4:06  SCV x2  
  27  4:11  Refinery  
  27  4:14  Engineering Bay  
  27  4:17  Starport Tech Lab  
  27  4:24  Siege Tank  
  30  4:25  SCV  
  30  4:30  SCV  
  32  4:41  Missile Turret  
  32  4:42  SCV  
  32  4:43  SCV  
  29  5:10  Orbital Command  
  29  5:12  Battlecruiser  
  35  5:15  SCV  
  35  5:17  SCV  
  37  5:26  Refinery  
  37  5:35  Missile Turret  
  37  5:38  SCV x3  
  40  5:52  Weapon Refit  
  40  5:53  SCV  
  40  5:54  SCV x2  
  43  6:00  Starport  
  43  6:09  Sensor Tower  
  43  6:15  SCV  
  43  6:16  SCV, Sensor Tower, Supply Depot  
  45  6:22  SCV  
  46  6:27  SCV  
  47  6:34  SCV  
  48  6:51  Battlecruiser  
  54  7:06  Marine x2  
  54  7:07  Siege Tank  
  58  7:34  Starport Tech Lab  
  52  7:48  Armory  
  52  7:49  SCV x3  
  52  7:50  Armory  
  55  7:55  Orbital Command  
  55  7:58  Battlecruiser  
  61  8:09  SCV x2  
  63  8:20  Refinery, Sensor Tower  
  63  8:21  SCV x2  
  63  8:25  Refinery, Missile Turret  
  65  8:32  Supply Depot  
  65  8:33  SCV x2, Supply Depot  
  67  9:03  Marine  
  67  9:04  Marine, Siege Tank  
  67  9:06  Battlecruiser  
  67  9:07  Battlecruiser  
  84  9:13  Supply Depot x2  
  84  9:15  Supply Depot  
  84  9:16  Supply Depot  
  84  9:17  Terran Vehicle And Ship Armor Level 1  
  84  9:18  Terran Ship Weapons Level 1  
  76  9:57  Siege Tank  
  67  10:38  Battlecruiser  
  67  10:39  Battlecruiser  
  79  10:46  Starport x2  
  79  10:53  Hi-Sec Auto Tracking, SCV  
  79  10:54  SCV x2  
  82  10:59  Command Center  
  82  11:02  Sensor Tower  
  82  11:06  SCV  
  82  11:09  Command Center  
  82  11:11  Terran Vehicle And Ship Armor Level 2  
  83  11:13  Terran Ship Weapons Level 2  
  83  11:20  SCV x3  
  86  11:32  SCV  
  87  11:33  Starport Tech Lab x2  
  87  11:40  Siege Tank  
  87  11:41  Marine x2  
  92  11:48  Battlecruiser  
  98  12:03  SCV  
  98  12:04  Refinery, SCV x2  
  101  12:09  Sensor Tower, Missile Turret x2  
  101  12:11  Battlecruiser  
  101  12:12  Refinery  
  107  12:16  SCV x2  
  109  12:23  Refinery  
  109  12:24  Refinery  
  109  12:25  Planetary Fortress  
  109  12:29  Sensor Tower  
  109  12:31  SCV x2  
  109  12:32  SCV x2  
  113  12:46  SCV x3  
  113  12:47  SCV  
  117  12:55  Battlecruiser  
  117  12:57  Battlecruiser  
  129  13:01  Supply Depot  
  129  13:02  Supply Depot x2  
  129  13:03  Supply Depot  
  129  13:09  Battlecruiser  
  135  13:17  Starport  
  135  13:21  SCV x2  
  135  13:22  SCV  
  135  13:23  Planetary Fortress  
  138  13:28  SCV  
  138  13:33  SCV  
  140  13:40  Missile Turret  
  140  13:43  Missile Turret  
  140  13:45  Battlecruiser  
  140  13:47  Command Center  
  146  13:53  Starport  
  146  13:54  Starport  
  146  13:56  Starport Tech Lab  
  146  13:57  Starport  
  146  14:01  Starport, Missile Turret  
  146  14:04  Terran Vehicle And Ship Armor Level 3  
  146  14:05  Terran Ship Weapons Level 3  
  146  14:06  Missile Turret  
  146  14:08  SCV  
  146  14:09  SCV x2  
  149  14:17  SCV  
  149  14:18  SCV  
  149  14:22  Battlecruiser  
  157  14:27  Neosteel Armor  
  157  14:31  Starport Tech Lab  
  157  14:32  Starport Tech Lab  
  157  14:34  Starport Tech Lab  
  157  14:37  Starport Tech Lab  
  157  14:45  SCV x2  
  159  14:51  Battlecruiser  
  165  15:00  Missile Turret  
  165  15:01  Planetary Fortress  
  165  15:03  SCV x3  
  165  15:04  SCV  
  169  15:16  Battlecruiser  
  169  15:20  Missile Turret  
  175  15:25  Supply Depot  
  175  15:26  Supply Depot  
  175  15:30  Refinery  
  175  15:35  Refinery  
  175  15:53  Battlecruiser x2  
  175  15:54  Battlecruiser  
  175  15:55  Battlecruiser  
  199  15:57  SCV  
  200  16:19  Command Center  
  188  16:51  Battlecruiser x2  
  200  17:01  Battlecruiser  
  200  19:12  Refinery  
Tags
 
League
Platinum
Matchup
TvT
Race
Terran
Replay Pack
Multiplayer
Spawn Locations
Cross Positions
Add a new tag
Caveats
  • Supply blocks, unpowered buildings, or Contaminate may cause inaccurate times.
  • Supply counts are checked every 10 seconds.